 Dungeon Crawl Stone Soup version 0.26-a0-67-g850bfe6 (webtiles) character file.

Game seed: 14820047994406824908

984 Faca the Skirmisher (level 7, -2/67 HPs)
             Began as a Purple Draconian Fighter on June 12, 2020.
             Slain by an iron imp (5 damage)
             ... summoned by Eustachio
             ... on level 6 of the Dungeon.
             The game lasted 00:12:28 (5723 turns).

Faca the Skirmisher (Purple Draconian Fighter)      Turns: 5723, Time: 00:12:29

Health: -2/67      AC:  6    Str: 20    XL:     7   Next: 97%
Magic:  7/7        EV: 10    Int:  9    God:
Gold:   231        SH: 10    Dex: 10    Spells: 6/6 levels left

rFire    . . .     SeeInvis .   a - +1 long sword
rCold    . . .     Gourm    .   b - +1 kite shield
rNeg     . . .     Faith    .   (armour unavailable)
rPois    .         Spirit   .   (helmet restricted)
rElec    .         Reflect  .   (no cloak)
rCorr    .         Harm     .   (no gloves)
MR       ++...                  (no boots)
Stlth    +.........             (no amulet)
HPRegen  0.21/turn              k - ring of protection from magic
MPRegen  0.10/turn              (no ring)

@: no status effects
A: breathe power, unfitting armour, cold-blooded, AC +6
a: Breathe Dispelling Energy


You were on level 6 of the Dungeon.
You were not hungry.

You visited 1 branch of the dungeon, and saw 6 of its levels.

You collected 231 gold pieces.

Inventory:

Hand Weapons
 a - a +1 long sword (weapon)
 m - a +0 rapier
Missiles
 l - 17 boomerangs (quivered)
Armour
 b - a +1 kite shield (worn)
Jewellery
 k - a ring of protection from magic (left hand)
Wands
 h - a wand of acid (9)
 o - a wand of enslavement (4)
Scrolls
 g - a scroll of teleportation
 i - a scroll of immolation
 p - 4 scrolls of identify
Potions
 c - 2 potions of might
 e - a potion of invisibility
 j - a potion of mutation
 n - a potion of flight
Comestibles
 d - 14 rations


   Skills:
 + Level 7.9 Fighting
 + Level 6.7 Long Blades
 - Level 2.6 Dodging
 - Level 3.0 Shields


You had 6 spell levels left.
You didn't know any spells.
Your spell library contained the following spells:

 Spells                   Type           Power        Failure   Level  Hunger
 Beastly Appendage        Tmut           #.....       88%         1    ##.....
 Sticks to Snakes         Tmut           #.......     96%         2    ###....
 Spider Form              Tmut/Pois      #.........   99%         3    ####...
 Ice Form                 Ice/Tmut       #.......     100%        4    #####..
 Blade Hands              Tmut           #.........   100%        5    ######.


Dungeon Overview and Level Annotations

Branches:
Dungeon (6/15)
 Temple: D:4-7

Altars:
Cheibriados
Dithmenos
Gozag
Kikubaaqudgha
Nemelex Xobeh
Ru
Vehumet
Yredelemnul
The Shining One

Shops:
D:4 %

Annotations:
D:3 Edmund
D:6 Eustachio


Innate Abilities, Weirdness & Mutations

You can breathe bolts of dispelling energy.
Your rich purple scales are hard. (AC +6)
You cannot fit into any form of body armour.
You are cold-blooded and may be slowed by cold attacks.


Message History

The river rat barely misses you. The river rat bites you.
* * * LOW HITPOINT WARNING * * *
The white imp hits you but does no damage.
You slash Eustachio!
Eustachio is almost dead.
You block the quokka's attack. You block the iron imp's attack.
Eustachio gestures wildly while chanting.
Eustachio blinks!
The river rat bites you.
* * * LOW HITPOINT WARNING * * *
You block the river rat's attack. The white imp hits you.
* * * LOW HITPOINT WARNING * * *
The white imp freezes you.
* * * LOW HITPOINT WARNING * * *
The quokka bites you.
* * * LOW HITPOINT WARNING * * *
The river rat barely misses you.
You riposte.
You closely miss the river rat. The river rat closely misses you.
You riposte.
You hit the river rat but do no damage.
Your tail-slap misses the river rat.
The iron imp hits you.
You die...

... ...
#####.#
...#.#######
#.!.......#
#.........#
#.......?.#
#55r......#
#r@rb...###
#..5@...#
#..........
#.......#..
#.#.........
#.#.########
#.#.# #.#.#


You could see Eustachio, an iron imp (summoned), a crimson imp (summoned), 2
river rats, a white imp (summoned), a quokka (summoned) and a bat (summoned).

Vanquished Creatures
  An ice beast (D:5)
  2 phantoms
  3 scorpions
  A hound (D:5)
  2 iguanas
  3 orc wizards (D:4)
  Ijyb (D:4)
  Natasha (twice) (D:4)
  4 worker ants
  A killer bee zombie (D:5)
  A hound zombie (D:5)
  4 adders
  A shadow imp (D:5)
  An ooze (D:4)
  2 adder zombies (D:5)
  5 worms
  4 dart slugs
  3 leopard geckos
  13 orcs
  2 ball pythons (D:5)
  7 giant cockroaches
  11 goblins
  11 hobgoblins
  2 jackals (D:4)
  8 kobolds
  2 quokkas (D:2)
  13 bats
  8 frilled lizards
  5 rats
123 creatures vanquished.

Notes
Turn   | Place    | Note
-------+----------+-------------------------------------------
     0 | D:1      | Faca the Draconian Fighter began the quest for the Orb.
     0 | D:1      | Reached XP level 1. HP: 19/19 MP: 1/1
   291 | D:1      | Reached XP level 2. HP: 26/26 MP: 2/2
   576 | D:1      | Reached skill level 4 in Fighting
   759 | D:1      | Reached XP level 3. HP: 31/33 MP: 3/3
  1513 | D:2      | Reached XP level 4. HP: 41/41 MP: 4/4
  2572 | D:4      | Found Ataoc's Food Shop.
  2615 | D:4      | Noticed Edmund
  2619 | D:4      | Found a sparkling altar of Nemelex Xobeh.
  2932 | D:4      | Reached skill level 5 in Fighting
  2932 | D:4      | Reached XP level 5. HP: 41/48 MP: 5/5
  3130 | D:4      | Found a radiant altar of Vehumet.
  3296 | D:4      | Noticed a phantom
  3338 | D:4      | Killed a phantom
  3338 | D:4      | Reached XP level 6. HP: 14/57 MP: 6/6
  3606 | D:4      | Reached skill level 6 in Fighting
  3608 | D:4      | Reached skill level 5 in Long Blades
  3609 | D:4      | Found an ancient bone altar of Kikubaaqudgha.
  3779 | D:4      | Noticed Ijyb
  3809 | D:4      | Killed Ijyb
  3853 | D:4      | Found a basalt altar of Yredelemnul.
  3865 | D:4      | Found a glowing golden altar of the Shining One.
  3936 | D:4      | Found a shadowy altar of Dithmenos.
  3938 | D:4      | Found a sacrificial altar of Ru.
  3940 | D:4      | Found an opulent altar of Gozag.
  3940 | D:4      | Found a snail-covered altar of Cheibriados.
  4031 | D:4      | Noticed Natasha
  4044 | D:4      | Killed Natasha
  4051 | D:4      | Your scales start taking on a rich purple colour.
  4051 | D:4      | Reached XP level 7. HP: 15/64 MP: 7/7
  4086 | D:4      | Noticed Natasha
  4099 | D:4      | Killed Natasha
  4468 | D:4      | You fall into a shaft and drop 1 floor!
  4468 | D:5      | Entered Level 5 of the Dungeon
  4572 | D:5      | Reached skill level 7 in Fighting
  4859 | D:5      | HP: 3/67 [iguana (13)]
  5602 | D:6      | Noticed Eustachio
  5722 | D:6      | HP: 2/67 [quokka[Eustachio] (4)]
  5723 | D:6      | Slain by an iron imp

Illustrated notes

Levels and vault maps discovered:
D:1:      grunt_arrival_lava_bath, layout_loops_corners, minmay_pentomino_t2
D:2:      layout_loops_ring
D:3:      layout_basic
D:4:      layout_cave_pods, minitemple, nicolae_overflow_quartered_altars,
          serial_shops, shop_fountains, first_ration, uniq_ijyb, uniq_edmund,
          uniq_natasha
D:5:      layout_rooms, grunt_ministairs_4, saegor_snake_ambush
D:6:      layout_basic, serial_shops, shop, lemuel_oklob_altar, uniq_grinder,
          uniq_eustachio

Skill      XL: |  1  2  3  4  5  6  7 |
---------------+----------------------+-----
Fighting       | 4 5 6 7 |  7.9
Long Blades    | 3 4 5 6 |  6.7
Dodging        | |  2.6
Shields        | |  3.0

Action                   |  1- 3 |  4- 6 |  7- 9 || total
-------------------------+-------+-------+-------++-------
Melee: Long sword        |   104 |   237 |   127 ||   468
       Tailslap          |    12 |    32 |    16 ||    60
Throw: Boomerang         |       |     1 |       ||     1
 Abil: Breathe Dispellin |       |       |     3 ||     3
  Use: Scroll            |     4 |     8 |     3 ||    15
       Potion            |       |     2 |       ||     2
 Stab: Sleeping          |     1 |     1 |       ||     2
  Eat: Chunk             |     2 |     9 |     3 ||    14
       Ration            |       |       |     1 ||     1
Armor: Skin              |    30 |    68 |    44 ||   142
Dodge: Dodged            |    40 |    77 |    52 ||   169
Block: Kite shield       |    56 |    89 |    77 ||   222
       Rpst.: Long sword |    16 |    18 |    16 ||    50

Table legend:
 A = Non-vault XP
 B = Vault XP
 C = Vault XP percentage of total XP
 D = Non-vault monster count
 E = Vault monster count
 F = Vault count percentage of total count
                 A         B        C        D         E       F
            +---------+---------+-------+---------+---------+-------
      Total |    1333 |      74 |   5.3 |     118 |       5 |   4.1
            +---------+---------+-------+---------+---------+-------
        D:1 |      49 |       2 |   3.9 |      27 |       2 |   6.9
        D:2 |      63 |       0 |   0.0 |      24 |       0 |   0.0
        D:3 |      41 |       0 |   0.0 |      19 |       0 |   0.0
        D:4 |     627 |      70 |  10.0 |      29 |       2 |   6.5
        D:5 |     550 |       2 |   0.4 |      18 |       1 |   5.3
        D:6 |       3 |       0 |   0.0 |       1 |       0 |   0.0
            +---------+---------+-------+---------+---------+-------
